 Dungeon Crawl Stone Soup version 0.31-a0-1300-gb6740aa4e6 (webtiles) character file.

Game seed: 7988339530423003916

5 avis the Ducker (level 1, 10/10 HPs)
             Began as a Felid Shapeshifter on Dec 19, 2023.
             Got out of the dungeon alive.
             The game lasted 00:01:22 (119 turns).

avis the Ducker (Felid Shapeshifter)                 Turns: 119, Time: 00:01:23

Health: 10/10      AC:  1    Str: 10    XL:     1   Next: 66%
Magic:  2/2        EV: 18    Int: 13    God:
Gold:   0          SH:  0    Dex: 15    Spells: 0/0 levels left
                                        Lives:  0   Deaths: 1

rFire   . .          .
                       - Unarmed
rCold   . . .        (shield unavailable)
rNeg    . . .        (body armour unavailable)
rPois   .            (helmet unavailable)
rElec   .            (cloak unavailable)
rCorr   .            (gloves unavailable)
SInv    +            (boots unavailable)
Will    .....        (no amulet)
Stlth   +            (no ring)
HPRegen 0.21/turn    (no ring)
MPRegen 0.08/turn

%: no passive effects
@: beast-form
A: beast (slay +1), very small, claws 1, fangs 3, see invisible, shaggy fur 1,
stealthy paws, no weapons or thrown items, no armour, multi-lived
a: Begin Untransformation


You escaped.
You were a hulking beast.
You visited 1 branch of the dungeon, and saw 1 of its levels.

Inventory:

Talismans
 b - a beast talisman
 f - a flux talisman
Potions
 a - a potion of lignification


   Skills:
 - Level 1.0 Fighting
 * Level 3.4 Dodging
 - Level 3.0 Unarmed Combat
 - Level 2.6 Shapeshifting


You couldn't memorise any spells.
You didn't know any spells.
Your spell library was empty.

Dungeon Overview and Level Annotations

Branches:
Dungeon (1/15)

Altars:


Innate Abilities, Weirdness & Mutations

You are a hulking beast.
Your limbs bulge with bestial killing power. (Slay +1)
You have sharp claws.
You have razor-sharp teeth.
You have supernaturally acute eyesight. (SInv)
You are covered in fur. (AC +1)
Your paws help you pounce on unaware monsters.
You are incapable of wielding weapons or throwing items.
You cannot wear armour.
You gain extra lives every three experience levels.


Message History

You die...
Your shape twists and changes as you die.
You rejoin the land of the living...
An endoplasm and a rat come into view.
The rat squeaks loudly.
You scratch the rat.
You kill the rat!
Found 4 stones.
You see here 4 stones.
There is a stone staircase leading down here.
The quokka completely misses you.
The hobgoblin shouts!
The quokka completely misses you. The quokka closely misses you. x2
Things that are here:
a +0 dagger; a goblin corpse You scratch the quokka.
The quokka is almost dead.
The quokka bites you.
You scratch the quokka but do no damage.
The quokka is almost dead.
The quokka closely misses you.
You barely miss the quokka.
The quokka is almost dead.
The quokka barely misses you. The hobgoblin barely misses you.
You claw the quokka!
You kill the quokka!
The hobgoblin barely misses you.
You barely miss the hobgoblin. The hobgoblin hits you.
Ouch! That really hurt!
You scratch the hobgoblin.
You kill the hobgoblin!
You see here the felid corpse of avis.
You see here a hobgoblin corpse.
There is a large open door here.
There is a large open door here.
HP restored.
There is a large open door here.
There is a staircase leading out of the dungeon here.
You have escaped!

######
#....#
###.≈≈.#####
#h'.≈≈.'.'.#
#.'§§§.'.'.#
###§≈§.###.#
#.§§.###.#
######...#
#.### #.#
#.# ##.#


There were no monsters in sight!

Vanquished Creatures
  2 hobgoblins (D:1)
  A quokka (D:1)
  A goblin (D:1)
  A rat (D:1)
5 creatures vanquished.

Notes
Turn   | Place    | Note
-------+----------+-------------------------------------------
     0 | D:1      | avis the Felid Shapeshifter began the quest for the Orb.
     0 | D:1      | Reached XP level 1. HP: 10/10 MP: 2/2
    58 | D:1      | Slain by a quokka
   119 | D:$      | Got out of the dungeon alive.

Illustrated notes

Levels and vault maps discovered:
D:1:      lightli_arrival_lavapool, layout_rooms

Skill      XL: |  1 |
---------------+----+-----
Dodging        | 3 |  3.4
Fighting       | |  1.0
Unarmed Combat | |  3.0
Shapeshifting  | |  2.6

Action                     || total
---------------------------++-------
  Melee: Unarmed           ||    15
         Bite              ||     1
 Armour: Skin              ||     8
  Dodge: Dodged            ||    16

Table legend: (Time is in decaauts)
 A = Elapsed time spent in this place.
 B = Non-inter-level travel time spent in this place.
 C = Inter-level travel time spent in this place.
 D = Time resting spent in this place.
 E = Time spent auto-exploring this place.
 F = Levels seen in this place.
 G = Mean time per level.
                   A        B        C        D        E       F      G
               +--------+--------+--------+--------+--------+-----+--------+
         Total |    118 |     90 |     28 |      0 |     33 |   1 |  118.0 |
       Dungeon |    118 |     90 |     28 |      0 |     33 |   1 |  118.0 |
               +--------+--------+--------+--------+--------+-----+--------+

Top non-repeatable levels by time:
     D:1: 118 daAuts
